 Dungeon Crawl Stone Soup version 0.24.1 (webtiles) character file.

Game seed: 12217077562955278532, levelgen mode: deterministic

116 H0rd4k the Charlatan (level 5, -4/37 HPs)
             Began as a Human Artificer on Mar 26, 2020.
             Slain by an orc
             ... wielding a +0 trident
              (9 damage)
             ... on level 3 of the Dungeon.
             The game lasted 00:03:17 (2407 turns).

H0rd4k the Charlatan (Human Artificer)              Turns: 2407, Time: 00:03:18

Health: -4/37      AC:  2    Str: 13    XL:     5   Next: 21%
Magic:  7/7        EV: 13    Int: 11    God:
Gold:   61         SH:  0    Dex: 14    Spells: 4/4 levels left

rFire    + . .     SeeInvis .   a - +1 short sword
rCold    + . .     Gourm    .   (no shield)
rNeg     . . .     Faith    .   m - +0 robe (curse)
rPois    .         Spirit   .   (no helmet)
rElec    .         Reflect  .   p - scarf {rC+ rF+}
rCorr    .         Harm     .   (no gloves)
MR       .....                  (no boots)
Stlth    ++........             (no amulet)
HPRegen  0.12/turn              (no ring)
MPRegen  0.10/turn              (no ring)

@: no status effects
A: no striking features
a: no special abilities


You were on level 3 of the Dungeon.
You were very hungry.

You visited 1 branch of the dungeon, and saw 3 of its levels.

You collected 61 gold pieces.

Inventory:

Hand Weapons
 a - a +1 short sword (weapon)
Armour
 b - a +1 leather armour
 m - a cursed +0 robe (worn)
 p - a scarf of resistance (worn)
Jewellery
 o - an uncursed amulet of regeneration {unknown}
Wands
 c - a wand of flame (5)
 d - a wand of enslavement (11)
 e - a wand of random effects (15)
Scrolls
 g - 4 scrolls of identify
 j - a scroll of teleportation
 n - a scroll of amnesia {unknown}
Potions
 h - a potion of curing {unknown}
 i - a potion of degeneration {unknown}
 k - 2 potions of agility {unknown}
 l - 2 potions of flight
 q - a potion of haste
Comestibles
 f - 7 rations


   Skills:
 + Level 1.4 Fighting
 + Level 2.5 Short Blades
 + Level 1.2 Armour
 + Level 2.6 Dodging
 + Level 1.8 Stealth
 + Level 3.7 Evocations


You had 4 spell levels left.
You didn't know any spells.
Your spell library was empty.

Dungeon Overview and Level Annotations

Branches:
Dungeon (3/15)

Altars:
Dithmenos
Qazlal
Yredelemnul

Annotations:
D:2 exclusion: downstairs


Message History

The adder is charmed.
You are feeling very hungry.
The goblin misses your adder.
Your adder bites the goblin.
The goblin is poisoned.
Your adder poisons the goblin!
What are your orders? t - Shout!
Orders for allies: a - Attack new target. p - Attack previous target. r - Retreat! s - Stop attacking. g - Guard the area. f - Follow me.
Anything else - Cancel.
Guard this area!
Your adder bites the goblin.
The goblin dies!
The orc barely misses your adder.
Your adder closely misses the orc.
The orc misses your adder.
A kobold comes into view.
Something barely misses your adder. The orc misses your adder.
The orc misses you.
Your adder barely misses the orc.
The orc barely misses your adder.
The orc hits you from afar with a +0 trident!
You die...

####.##..# #.......... .....##.##
#####.##### .##.....# #.####
.###.#.... ## #....# ..##.#.#.#
.## #....# #.##.#.#.# ..## #....#
..##...# ..# #####....# ..#..###.
#.# #...†....# #.....##. #@#
##.###....# #..>...#(####
#.#####..###.S..## #..#.#......#
#oK......>#..†..#. ...#.#
..(..####.S............... ##.#.#
###..#....#.o.....$.?...†< ##.#.#
#......####o.............. ##.#.#
#.##....#..)†...../.......
##.#.###.##...............)......
##.#.....#.......................


You could see 3 orcs, a kobold and a friendly adder.

Vanquished Creatures
  4 adders
  An ooze (D:1)
  A worm (D:3)
  5 leopard geckos
  2 ball pythons
  8 bats
  4 giant cockroaches
  7 goblins
  7 hobgoblins
  2 jackals (D:1)
  7 kobolds
  2 quokkas
  5 frilled lizards
  9 rats
64 creatures vanquished.

Vanquished Creatures (collateral kills)
  A worm (D:3)
  A goblin (D:3)
2 creatures vanquished.

Grand Total: 66 creatures vanquished

Notes
Turn   | Place    | Note
-------+----------+-------------------------------------------
     0 | D:1      | H0rd4k the Human Artificer began the quest for the Orb.
     0 | D:1      | Reached XP level 1. HP: 15/15 MP: 3/3
   143 | D:1      | Reached XP level 2. HP: 13/21 MP: 4/4
   457 | D:1      | Reached XP level 3. HP: 10/26 MP: 5/5
  1199 | D:2      | Reached XP level 4. HP: 23/32 MP: 6/6
  1314 | D:2      | Found a shadowy altar of Dithmenos.
  1363 | D:2      | Found a basalt altar of Yredelemnul.
  1471 | D:2      | Found a faded altar of an unknown god.
  1545 | D:2      | Reached skill level 1 in Armour
  1945 | D:3      | Reached XP level 5. HP: 31/37 MP: 7/7
  2361 | D:3      | Found a stormy altar of Qazlal.
  2407 | D:3      | Slain by an orc

Levels and vault maps discovered:
D:1:      minmay_arrival_floating_metal, layout_basic
D:2:      layout_rooms, old_standard_altar,
          nicolae_dithmenos_through_a_glass_darkly, first_ration,
          chequers_ecumenical_altar_grove
D:3:      layout_rooms, nicolae_qazlal_general_emergency

Skill      XL: |  1  2  3  4 |
---------------+-------------+-----
Short Blades   | 2 |  2.5
Armour         | 1 |  1.2
Fighting       | |  1.4
Dodging        | |  2.6
Stealth        | |  1.8
Evocations     | |  3.7

Action                   |  1- 3 |  4- 6 || total
-------------------------+-------+-------++-------
Melee: Short sword       |   126 |    89 ||   215
Evoke: Wand              |     2 |    12 ||    14
  Use: Scroll            |       |     4 ||     4
 Stab: Sleeping          |     2 |     2 ||     4
  Eat: Chunk             |     1 |     3 ||     4
Armor: Leather armour    |    29 |       ||    29
       Robe              |     2 |    17 ||    19
Dodge: Dodged            |    79 |    75 ||   154
